 Dungeon Crawl Stone Soup version 0.28-a0-723-g095bd1b44f (webtiles) character file.

Game seed: 8025584302859244645

65 Sabo the Chopper (level 3, -2/28 HPs)
             Began as a Demonspawn Gladiator on Oct 25, 2021.
             Slain by Crazy Yiuf (3 damage)
             ... on level 2 of the Dungeon.
             The game lasted 00:07:47 (2408 turns).

Sabo the Chopper (Demonspawn Gladiator)             Turns: 2408, Time: 00:07:47

Health: -2/28      AC:  5    Str: 15    XL:     3   Next: 94%
Magic:  5/12       EV: 11    Int:  9    God:
Gold:   60         SH:  0    Dex: 14    Spells: 2/2 levels left

rFire   . . .      SeeInvis .   n - +4 mace
rCold   . . .      Faith    .   (no shield)
rNeg    . . .      Spirit   .   l - +0 ring mail
rPois   .          Reflect  .   (helmet restricted)
rElec   .          Harm     .   (no cloak)
rCorr   .          Rampage  .   (no gloves)
Will    .....                   (no boots)
Stlth   +.........              (no amulet)
HPRegen 0.09/turn               h - ring of magical power
MPRegen 0.13/turn               (no ring)

@: no status effects
A: horns 1
a: no special abilities


You were on level 2 of the Dungeon.
You visited 1 branch of the dungeon, and saw 2 of its levels.

You collected 60 gold pieces.

Inventory:

Hand Weapons
 a - a +0 war axe
 k - a +0 hunting sling
 n - a +4 mace (weapon)
Missiles
 c - 31 arrows
 d - 3 throwing nets (quivered)
 m - 13 sling bullets
Armour
 l - a +0 ring mail (worn)
Jewellery
 h - a ring of magical power (left hand)
 i - a ring of ice
Wands
 j - a wand of flame (14)
Scrolls
 g - a scroll of immolation {unknown}
 o - a scroll of identify {unknown}
Potions
 b - 2 potions of heal wounds {unknown}
 e - a potion of resistance {unknown}
 f - a potion of curing {unknown}


   Skills:
 + Level 2.5 Fighting
 + Level 3.5 Axes
 + Level 1.9 Throwing
 + Level 0.7 Armour
 + Level 3.2 Dodging


You had 2 spell levels left.
You didn't know any spells.
Your spell library contained the following spells:

 Spells                   Type           Power      Damage    Failure   Level
 Pain                     Necr           0%         1d4       63%         1
 Passwall                 Tmut/Erth      0%         N/A       77%         2
 Swiftness                Air            0%         N/A       94%         3
 Agony                    Necr           0%         N/A       100%        5
 Excruciating Wounds      Necr           0%         N/A       100%        5
 Invisibility             Hex            0%         N/A       100%        6


Dungeon Overview and Level Annotations

Branches:
Dungeon (2/15)

Altars:

Annotations:
D:2 Crazy Yiuf


Innate Abilities, Weirdness & Mutations

You have a pair of small horns on your head.


Message History

The kobold throws a stone.
The stone hits you but does no damage.
You hit the kobold.
You kill the kobold!
Things that are here:
a +0 dagger; 2 stones; a kobold corpse You start resting.
HP restored.
There is an escape hatch in the ceiling here.
You see here a +0 mace.
You see here a +0 mace.
You see here a +0 mace.
You see here a +0 mace.
You see here a +0 mace.
Found a mace.
Found a runed translucent door.
Crazy Yiuf shouts!
You open the door. You barely miss Crazy Yiuf.
Crazy Yiuf hits you with a +4 quarterstaff of chaos!
Crazy Yiuf cries, "Fire!
Leather dark action."
Crazy Yiuf barely misses you.
You hit Crazy Yiuf.
Crazy Yiuf is lightly wounded.
Crazy Yiuf hits you with a +4 quarterstaff of chaos!
* * * LOW HITPOINT WARNING * * *
You feel your power leaking away.
You hit Crazy Yiuf. You headbutt Crazy Yiuf!
Crazy Yiuf is heavily wounded.
Crazy Yiuf whimpers, "Papa illywillydillykilly bag!"
Crazy Yiuf closely misses you.
You hit Crazy Yiuf but do no damage.
Crazy Yiuf is heavily wounded.
Crazy Yiuf barely misses you.
Crazy Yiuf says, "Cholesterol!
Dawk meccalolo down."
Crazy Yiuf barely misses you.
You barely miss Crazy Yiuf.
Crazy Yiuf is heavily wounded.
Crazy Yiuf hits you with a +4 quarterstaff of chaos.
* * * LOW HITPOINT WARNING * * *
Crazy Yiuf freezes you.
You die...

#### ##### )..#########
#)..# ##.........#
#...# ########
##........# ...
#......## #........#
#g# #.......##
#........# ♣@♣♣
#........# #........#
♣♣.♣ #........#
###........# ♣.♣♣
#........##
.......##.## ♣♣.♣
#......)..##
######..#..# ♣♣.♣♣
#.......#... ##....#
♣♣)).♣ #........###
###..# ♣).))♣
#........# # #.##
#))))# ##.......# #
#..#####))######.....##
#


You could see Crazy Yiuf.

Vanquished Creatures
  Robin (D:2)
  A worm (D:2)
  A dart slug (D:1)
  A bat (D:1)
  An endoplasm (D:2)
  2 giant cockroaches (D:1)
  8 goblins (D:2)
  7 hobgoblins
  4 quokkas (D:1)
  6 ball pythons (D:1)
  4 frilled lizards
  6 kobolds
  5 rats (D:1)
47 creatures vanquished.

Notes
Turn   | Place    | Note
-------+----------+-------------------------------------------
     0 | D:1      | Sabo the Demonspawn Gladiator began the quest for the Orb.
     0 | D:1      | Reached XP level 1. HP: 16/16 MP: 1/1
   249 | D:1      | Gained mutation: You have a pair of small horns on your
                  | head. [demonic ancestry]
   249 | D:1      | Reached XP level 2. HP: 22/22 MP: 2/2
  1109 | D:1      | Reached XP level 3. HP: 18/27 MP: 3/3
  1600 | D:2      | Noticed Robin
  1611 | D:2      | Killed Robin
  1620 | D:2      | HP: 1/28 [hobgoblin[Robin] (2)]
  2399 | D:2      | Found a runed translucent door.
  2400 | D:2      | Noticed Crazy Yiuf
  2408 | D:2      | HP: 1/28 [Crazy Yiuf (5)]
  2408 | D:2      | Slain by Crazy Yiuf

Illustrated notes

Levels and vault maps discovered:
D:1:      minmay_arrival_hallway, layout_basic
D:2:      layout_rooms, uniq_robin, uniq_crazy_yiuf_cottage

Skill      XL: |  1  2 |
---------------+-------+-----
Dodging        | 3 |  3.2
Axes           | 3 |  3.5
Fighting       | |  2.5
Throwing       | |  1.9
Armour         | |  0.7

Action                   || total
-------------------------++-------
Melee: War axe           ||    79
       Headbutt          ||    14
       Mace              ||    11
Armor: Leather armour    ||    12
       Ring mail         ||     2
Dodge: Dodged            ||    72

Table legend: (Time is in decaauts)
 A = Elapsed time spent in this place.
 B = Non-inter-level travel time spent in this place.
 C = Inter-level travel time spent in this place.
 D = Time resting spent in this place.
 E = Time spent auto-exploring this place.
 F = Levels seen in this place.
 G = Mean time per level.
                   A        B        C        D        E       F      G
               +--------+--------+--------+--------+--------+-----+--------+
         Total |   2436 |   2436 |      0 |    801 |      0 |   2 | 1218.0 |
       Dungeon |   2436 |   2436 |      0 |    801 |      0 |   2 | 1218.0 |
               +--------+--------+--------+--------+--------+-----+--------+

Top non-repeatable levels by time:
     D:1: 1602 daAuts
     D:2: 833 daAuts
